 Dungeon Crawl Stone Soup version 0.28-b1-25-g9875b3fc8c (webtiles) character file.

Game seed: 7413085819214102365

49 DildoBatman the Conjurer (level 4, -3/30 HPs)
             Began as a Formicid Conjurer on Feb 1, 2022.
             Slain by an adder (4 damage)
             ... on level 2 of the Dungeon.
             The game lasted 00:03:53 (1798 turns).

DildoBatman the Conjurer (Formicid Conjurer)        Turns: 1798, Time: 00:03:53

Health: -3/30      AC:  2    Str: 12    XL:     4   Next: 2%
Magic:  5/7        EV: 12    Int: 17    God:
Gold:   48         SH:  0    Dex: 11    Spells: 4/7 levels left

rFire   . . .      SeeInvis +   a - +2 dagger (speed)
rCold   . . .      Faith    .   (no shield)
rNeg    . . .      Spirit   .   f - +0 robe
rPois   .          Reflect  .   (helmet unavailable)
rElec   .          Harm     .   (no cloak)
rCorr   .          Rampage  .   (no gloves)
Will    .....                   (no boots)
Stlth   ++........              (no amulet)
HPRegen 0.10/turn               (no ring)
MPRegen 0.10/turn               (no ring)

@: lethally poisoned (-3 -> -5)
A: permanent stasis, dig shafts and tunnels, antennae 3, four strong arms
a: Dig, Shaft Self


You were on level 2 of the Dungeon.
You visited 1 branch of the dungeon, and saw 2 of its levels.

You collected 48 gold pieces.

Inventory:

Hand Weapons
 a - a +2 dagger of speed (weapon)
Missiles
 b - 79 stones
 h - 19 sling bullets
Armour
 f - a +0 robe (worn)
Scrolls
 c - a scroll of holy word {unknown}
 e - a scroll of fear {unknown}
 g - a scroll of identify {unknown}
Potions
 d - a potion of ambrosia {unknown}
 i - a potion of heal wounds {unknown}


   Skills:
 - Level 1.7 Dodging
 - Level 2.4 Stealth
 - Level 2.1 Spellcasting
 * Level 4.8 Conjurations


You had 4 spell levels left.
You knew the following spells:

 Your Spells              Type           Power      Damage    Failure   Level
a - Searing Ray           Conj           36%        2d5       3%          2
c - Magic Dart            Conj           72%        1d6       2%          1

Your spell library contained the following spells:

 Spells                   Type           Power      Damage    Failure   Level
 Dazzling Flash           Conj/Hex       20%        N/A       22%         3
 Ensorcelled Hibernation  Hex/Ice        2%         N/A       28%         2
 Passwall                 Tmut/Erth      0%         N/A       28%         2
 Fulminant Prism          Conj/Hex       5%         3d7       56%         4
 Iskenderun's Mystic Bla  Conj/Tloc      10%        2d4       56%         4
 Swiftness                Air            Unusable   N/A       N/A         3

Dungeon Overview and Level Annotations

Branches:
Dungeon (2/15)

Altars:

Annotations:
D:2 exclusions: goblin and 3 sensed monsters (detected)


Innate Abilities, Weirdness & Mutations

You cannot be hasted, slowed, berserked, paralysed or teleported.
You can dig through walls and to a lower floor.
You have a pair of large antennae on your head. (SInv)
Your four strong arms can wield two-handed weapons with a shield.


Message History

You shout for attention!
The adder barely misses you. What are your orders? t - Shout!
Orders for allies: a - Attack new target. p - Attack previous target. r - Retreat! s - Stop attacking. g - Guard the area. f - Follow me.
Anything else - Cancel.
You shout for attention!
The adder closely misses you. What are your orders? t - Shout!
Orders for allies: a - Attack new target. p - Attack previous target. r - Retreat! s - Stop attacking. g - Guard the area. f - Follow me.
Anything else - Cancel.
You shout for attention!
The adder completely misses you. The adder bites you.
You are lethally poisoned!
The adder poisons you! What are your orders? t - Shout!
Orders for allies: a - Attack new target. p - Attack previous target. r - Retreat! s - Stop attacking. g - Guard the area. f - Follow me.
Anything else - Cancel.
You shout for attention!
You feel sick. The adder closely misses you. What are your orders? t - Shout!
Orders for allies: a - Attack new target. p - Attack previous target. r - Retreat! s - Stop attacking. g - Guard the area. f - Follow me.
Anything else - Cancel.
You shout for attention!
You feel sick. The adder bites you.
You die...

#.. ≈# #.. ≈≈ ≈ #..#
#≈#≈≈ ..≈ ≈≈≈ #.# ≈≈≈
≈# #.##≈#≈≈≈≈ #.
#..S≈≈≈# #. #.@###
#.##....##≈#.
#............
#....####.#.#####
#..[.####.#......#####
#>........... .......#
#....####.#.# #.....#
####.# #.# #...... #.#
#.# #......


You could see an adder.

Vanquished Creatures
  3 dart slugs
  3 ball pythons
  2 bats
  9 endoplasms
  2 giant cockroaches
  3 goblins (D:1)
  2 hobgoblins
  8 kobolds
  2 quokkas
  3 rats
37 creatures vanquished.

Notes
Turn   | Place    | Note
-------+----------+-------------------------------------------
     0 | D:1      | DildoBatman the Formicid Conjurer began the quest for the
                  | Orb.
     0 | D:1      | Reached XP level 1. HP: 13/13 MP: 3/3
   257 | D:1      | Reached skill level 4 in Conjurations
   257 | D:1      | Reached XP level 2. HP: 12/19 MP: 1/5
   260 | D:1      | Learned a level 2 spell: Searing Ray
   632 | D:1      | Found a faded altar of an unknown god.
   662 | D:1      | Reached XP level 3. HP: 19/24 MP: 3/6
  1735 | D:2      | Reached XP level 4. HP: 30/30 MP: 5/7
  1798 | D:2      | HP: 1/30 [poisoned by an adder]
  1798 | D:2      | Slain by an adder

Illustrated notes

Levels and vault maps discovered:
D:1:      dpeg_arrival_rooms_c, layout_loops_ring,
          chequers_ecumenical_altar_simple
D:2:      layout_basic, minivault_4, minmay_heptomino_o4

Skill      XL: |  1 |
---------------+----+-----
Conjurations   | 4 |  4.8
Dodging        | |  1.7
Stealth        | |  2.4
Spellcasting   | |  2.1

Action                   |  1- 3 |  4- 6 || total
-------------------------+-------+-------++-------
Melee: Short sword       |     6 |       ||     6
       Dagger            |    16 |       ||    16
 Cast: Magic Dart        |    59 |     1 ||    60
       Searing Ray       |     7 |     1 ||     8
 Stab: Sleeping          |     3 |       ||     3
Armor: Robe              |     5 |     3 ||     8
Dodge: Dodged            |    23 |    22 ||    45
